 Dungeon Crawl Stone Soup version 0.28.0-53-g5a82cb258f (webtiles) character file.

Game seed: 5872482651110314148

219 Doot the Sneak (level 5, -2/31 HPs)
             Began as an Octopode Hedge Wizard on June 17, 2022.
             Was a Follower of Vehumet.
             Slain by an orc
             ... wielding a +2 whip of electrocution
              (15 damage)
             ... on level 3 of the Dungeon.
             The game lasted 00:07:51 (4165 turns).

Doot the Sneak (Octopode Hedge Wizard)              Turns: 4165, Time: 00:07:51

Health: -2/31      AC:  1    Str:  9    XL:     5   Next: 96%
Magic:  11/11      EV: 13    Int: 19    God:    Vehumet [*.....]
Gold:   139        SH:  0    Dex: 11    Spells: 4/12 levels left

rFire   . . .      SeeInvis .   p - +2 dagger (flame)
rCold   . . .      Faith    .   (no shield)
rNeg    . . .      Spirit   .   b - +0 hat
rPois   .          Reflect  .   (no amulet)
rElec   .          Harm     .   (no ring)
rCorr   .          Rampage  .   (no ring)
Will    .....                   (no ring)
Stlth   ++++......              (no ring)
HPRegen 0.10/turn               (no ring)
MPRegen 0.12/turn               (no ring)
                                (no ring)
                                (no ring)

@: no status effects
A: almost no armour, amphibious, 8 rings, camouflage 1, gelatinous body 1,
(nimble swimmer 1), tentacles
a: Renounce Religion


You were on level 3 of the Dungeon.
You worshipped Vehumet.
Vehumet was aware of your devotion.
You visited 2 branches of the dungeon, and saw 6 of its levels.
You also visited: Ossuary.

You collected 139 gold pieces.

Inventory:

Hand Weapons
 a - a +0 dagger
 p - a +2 dagger of flaming (weapon)
Armour
 b - a +0 hat (worn)
Scrolls
 c - 2 scrolls of identify {unknown}
 e - 2 scrolls of magic mapping {unknown}
 g - 2 scrolls of enchant weapon {unknown}
 k - a scroll of enchant armour {unknown}
 l - a scroll of immolation {unknown}
 m - a scroll of silence {unknown}
Potions
 d - a potion of invisibility {unknown}
 f - a potion of berserk rage {unknown}
 h - a potion of lignification {unknown}
 i - 3 potions of curing {unknown}
 j - 2 potions of heal wounds {unknown}
 n - a potion of cancellation {unknown}
 o - a potion of magic {unknown}
 q - a potion of flight {unknown}


   Skills:
 + Level 0.2 Fighting
 + Level 0.4 Short Blades
 + Level 2.9 Dodging
 + Level 4.6 Stealth
 + Level 4.2 Spellcasting
 + Level 2.3 Conjurations
 + Level 1.0 Summonings
 + Level 1.0 Translocations
 * Level 1.0 Fire Magic


You had 4 spell levels left.
You knew the following spells:

 Your Spells              Type           Power      Damage    Failure   Level
a - Magic Dart            Conj           52%        1d5       4%          1
b - Blink                 Tloc           14%        N/A       14%         2
c - Call Imp              Summ           8%         N/A       13%         2
d - Conjure Flame         Conj/Fire      10%        6-21      21%         3

Your spell library contained the following spells:

 Spells                   Type           Power      Damage    Failure   Level
 Foxfire                  Conj/Fire      40%        2x1d6     7%          1
 Freeze                   Ice            12%        1d4       14%         1
 Slow                     Hex            12%        N/A       14%         1
 Mephitic Cloud           Conj/Pois/Air  7%         N/A       28%         3
 Frozen Ramparts          Ice            6%         1d2       38%         3
 Hailstorm                Conj/Ice       8%         3d4       63%         4


Dungeon Overview and Level Annotations

Branches:
Dungeon (5/15)             Temple (1/1) D:5         Ossuary (visited)

Altars:
Ashenzari
Hepliaklqana
Kikubaaqudgha
Nemelex Xobeh
Ru
Trog
Vehumet
Xom
Yredelemnul
Zin
The Shining One


Innate Abilities, Weirdness & Mutations

You cannot wear most types of armour.
You are amphibious.
You can wear up to eight rings at the same time.
Your skin changes colour to match your surroundings (Stealth+).
Your rubbery body absorbs attacks. (AC +1, EV +1)
((You are camouflaged when in or above water. (Stealth+)))
You have tentacles for arms and can constrict up to eight enemies at once.


Message History

The magic dart hits the orc.
You kill the orc!
Vehumet accepts your kill.
You feel your power returning.
A kobold comes into view. It is wielding a +0 club.
A hobgoblin comes into view.
The hobgoblin moves out of view.
The orc hits you with a +0 club.
You hit the orc but do no damage. You grab the orc.
Your squeeze misses the orc. You constrict the orc.
The orc hits you with a +0 club.
You hit the orc but do no damage.
The orc is lightly wounded.
You constrict the orc. The orc barely misses you.
You hit the orc but do no damage.
The orc is moderately wounded.
You constrict the orc. The orc barely misses you.
You hit the orc but do no damage. You squeeze the orc.
The orc is heavily wounded.
You constrict the orc, but do no damage.
The orc hits you with a +0 club.
You hit the orc but do no damage.
The orc is heavily wounded.
You constrict the orc, but do no damage.
The orc closely misses you.
You hit the orc. You burn the orc.
The orc is severely wounded.
You constrict the orc. The orc barely misses you.
You hit the orc. You burn the orc.
You kill the orc!
Vehumet accepts your kill.
You feel your power returning.
You hit the orc. You burn the orc. Your grab misses the orc.
The orc is moderately wounded.
You hit the orc but do no damage. You grab the orc.
The orc is moderately wounded.
You constrict the orc.
The orc hits you with a +2 whip of electrocution!
You are electrocuted!
You die...

#.#.#...........# ##..# .#
#.#.#............###S.o# ..#
#.#.#..................# ..#
#.#.#...............o..#...#
#
#.#(#..##########.#..###...##
## #.#.#..# #.#.......... .
#.#.#..# #......#...## #
..#.#################..#...#
#
..#.............@oSSK......#
#
......################.....#
# ......# #....## # ......#
#....####### ....#.#
#.........## ###.#.#
.#.......## ..#.#.#
.#.......## ....#.#
.#.......## ....#.######
#.......##


You could see an adder, an orc, a ball python and a kobold.

Vanquished Creatures
  A bullfrog skeleton (D:5)
  An iguana (D:4)
  Terence (D:2)
  A hound skeleton (D:4)
  3 mummies
  An adder (D:2)
  2 worms (D:2)
  A dart slug (D:1)
  9 orcs
  6 bats
  5 endoplasms
  2 giant cockroaches
  5 goblins
  5 hobgoblins
  3 quokkas
  4 ball pythons
  9 frilled lizards (D:2)
  3 goblin zombies (Ossuary)
  4 kobolds
  4 kobold zombies (Ossuary)
  3 rats
73 creatures vanquished.

Notes
Turn   | Place    | Note
-------+----------+-------------------------------------------
     0 | D:1      | Doot the Octopode Hedge Wizard began the quest for the Orb.
     0 | D:1      | Reached XP level 1. HP: 11/11 MP: 4/4
   197 | D:1      | Found a faded altar of an unknown god.
   514 | D:2      | Reached XP level 2. HP: 17/17 MP: 6/6
   517 | D:2      | Learned a level 2 spell: Blink
   520 | D:2      | Learned a level 2 spell: Call Imp
   813 | D:2      | Reached XP level 3. HP: 20/21 MP: 8/8
   931 | D:2      | Learned a level 3 spell: Conjure Flame
  1373 | D:4      | Noticed a lemure
  1380 | D:5      | Entered Level 5 of the Dungeon
  1380 | D:5      | Noticed a centaur
  1416 | D:4      | Reached XP level 4. HP: 12/27 MP: 1/9
  1605 | D:4      | Noticed a black bear
  1618 | D:4      | Noticed a steam dragon
  1787 | D:5      | Found a sand-covered staircase.
  1796 | D:5      | Reached XP level 5. HP: 19/31 MP: 6/11
  1798 | Ossuary  | Entered an ossuary
  1798 | Ossuary  | Noticed a wraith
  1798 | Ossuary  | Noticed a wraith
  1798 | Ossuary  | Noticed a wraith
  2572 | Ossuary  | Noticed a wraith
  2633 | D:5      | Found a staircase to the Ecumenical Temple.
  2640 | Temple   | Entered the Ecumenical Temple
  2645 | Temple   | Became a worshipper of Vehumet
  3342 | D:2      | Noticed Terence
  3403 | D:2      | Killed Terence
  3553 | D:2      | Reached * piety under Vehumet
  3553 | D:2      | Offered knowledge of Foxfire by Vehumet.
  3863 | D:2      | Reached skill level 1 in Fire Magic
  4165 | D:3      | Slain by an orc

Illustrated notes

Levels and vault maps discovered:
D:1:      saegor_arrival_simple_c, layout_loops_ring,
          ebering_ecumenical_altar_box, minivault_26, nicolae_figureground_pulse
D:2:      layout_basic, minmay_door_square, minmay_misc_feat_hallway,
          minmay_misc_feat_enclosed, minmay_lizard_pond, uniq_terence
D:3:      layout_basic, mainiacjoe_overflow_alcove_4, minmay_three_crescents
D:4:      layout_basic, nicolae_gozag_seed_capital, elyvilon_altar_5,
          nicolae_overflow_crystal_walls, uniq_pikel, uniq_duvessa
D:5:      layout_basic, minmay_temple_entry_tees, gup_ossuary_entry_pyramid,
          uniq_edmund
Temple:   minmay_freezing_vapour_temple

Skill      XL: |  1  2  3  4  5 |
---------------+----------------+-----
Stealth        | 3 4 |  4.6
Spellcasting   | 4 |  4.2
Conjurations   | 2 |  2.3
Fire Magic     | 1 |  1.0
Fighting       | |  0.2
Short Blades   | |  0.4
Dodging        | |  2.9
Summonings     | |  1.0
Translocations | |  1.0

Action                   |  1- 3 |  4- 6 || total
-------------------------+-------+-------++-------
Melee: Dagger            |    52 |    54 ||   106
       Tentacles         |    11 |    12 ||    23
       Constrict         |    11 |    15 ||    26
       Punch             |     1 |       ||     1
 Cast: Magic Dart        |    35 |    91 ||   126
       Conjure Flame     |     1 |     2 ||     3
       Blink             |       |     1 ||     1
       Call Imp          |       |     1 ||     1
 Stab: Sleeping          |     6 |     3 ||     9
Armor: Skin              |     3 |     2 ||     5
Dodge: Dodged            |    25 |    27 ||    52
